 Dungeon Crawl Stone Soup version 0.30.1 (webtiles) character file.

Game seed: 6174975855768603063

515 boopmooplesden the Twirler (level 7, -2/54 HPs)
             Began as a Demonspawn Gladiator on July 10, 2023.
             Was a Follower of Trog.
             Slain by an ogre
             ... wielding a +0 giant spiked club
              (9 damage)
             ... on level 5 of the Dungeon.
             The game lasted 00:04:48 (2977 turns).

boopmooplesden the Twirler (Demonspawn Gladiator)   Turns: 2977, Time: 00:04:50

Health: -2/54      AC: 14    Str: 16    XL:     7   Next: 0%
Magic:  7/7        EV:  5    Int:  9    God:    Trog [*.....]
Gold:   199        SH:  5    Dex: 15    Spells: 6/6 levels left

rFire   . . .        a - +1 quarterstaff
rCold   + . .        (shield currently unavailable)
rNeg    . . .        q - +1 plate armour
rPois   +            c - +0 helmet
rElec   .            s - +0 cloak
rCorr   .            (no gloves)
SInv    .            (no boots)
Will    .....        n - amulet of reflection Stlth
                     u - ring of poison resistance
HPRegen 0.29/turn    j - ring of protection from cold
MPRegen 0.10/turn

%: reflection
@: no status effects
A: claws 1, powered by death 1, spiny 1
a: Renounce Religion, Berserk


You were on level 5 of the Dungeon.
You worshipped Trog.
Trog was aware of your devotion.
You visited 1 branch of the dungeon, and saw 5 of its levels.

You collected 199 gold pieces.

Inventory:

Hand Weapons
 a - a +1 quarterstaff (weapon)
 r - a +2 quarterstaff of chaos
 t - the +10 hammer of Tortfeasance {flame, *Rage rN+ Str+5}
   (You found it on level 2 of the Dungeon)

   Str:       It affects your strength (+5).
   rN:        It protects you from negative energy.
   *Rage:     It berserks you when you make melee attacks (+20% chance).
Missiles
 d - 3 throwing nets (quivered)
 e - a javelin
Armour
 b - a +0 leather armour
 c - a +0 helmet (worn)
 i - a +0 chain mail
 q - a +1 plate armour (worn)
 s - a +0 cloak (worn)
Jewellery
 j - a ring of protection from cold (right claw)
 n - an amulet of reflection (around neck)
 u - a ring of poison resistance (left claw)
 z - a ring of protection from cold
Scrolls
 g - 2 scrolls of identify
 k - a scroll of immolation
 p - a scroll of amnesia
 w - a scroll of fear {unknown}
 x - 2 scrolls of noise {unknown}
 y - a scroll of poison {unknown}
Potions
 f - a potion of resistance {unknown}
 h - 3 potions of ambrosia {unknown}
 l - 3 potions of attraction
 m - a potion of invisibility
 o - 6 potions of curing


   Skills:
 + Level 4.0 Fighting
 + Level 5.4 Staves
 + Level 1.9 Throwing
 + Level 2.3 Armour
 + Level 3.1 Dodging
 + Level 0.5 Stealth
 + Level 0.3 Shields


You had 6 spell levels left.
You didn't know any spells.
Your spell library was empty.

Dungeon Overview and Level Annotations

Branches:
Dungeon (5/15)
 Temple: D:4-7

Altars:
Gozag
Kikubaaqudgha
Trog
Wu Jian
Xom


Innate Abilities, Weirdness & Mutations

You have sharp fingernails.
You regenerate a little health from kills.
You are partially covered in sharp spines.


Message History

You hit the dart slug.
You kill the dart slug!
Trog accepts your kill.
You have reached level 7!
z - a ring of protection from cold
There is a stone staircase leading down here.
Done exploring.
Done exploring.
Done exploring.
Done exploring.
There is a stone staircase leading down here.
You climb downwards.
There is a stone staircase leading up here.
Found a stone staircase leading down.
An ogre comes into view. It is wielding a +0 giant spiked club.
The ogre shouts!
A sleepcap comes into view.
There are monsters nearby!
There are monsters nearby!
You enter the shallow water.
Moving in this stuff is going to be slow.
The ogre hits you with a +0 giant spiked club.
The sleepcap releases spores at you.
You are engulfed in a cloud of soporific spores!
You fall asleep.
The ogre hits you with a +0 giant spiked club!!!
You wake up.
Ouch! That really hurt!
* * * LOW HITPOINT WARNING * * *
The sleepcap releases spores at you but does no damage.
The sleepcap attacks as you move away! The sleepcap is struck by your spines.
The sleepcap releases spores at you.
* * * LOW HITPOINT WARNING * * *
The ogre attacks as you move away! You block the ogre's attack.
You block the ogre's attack.
As you read the scroll labelled KEUTAKEPRU, it crumbles to dust.
It is a scroll of enchant armour.
Your +0 plate armour glows green for a moment.
The ogre hits you with a +0 giant spiked club!
You die...

### ######
....#....### #######
##....#~~~.# #.....#
.......~♣~.###.###.#
#.....~~~fO@..# #.#
##.##########.###.#
#.....# ###.#####
#####.....# ..
...#####.#
....###.#####.#
#.........<.#
#####.#####.#


You could see an ogre and a sleepcap.

Vanquished Creatures
  Duvessa (D:4)
  Blork the orc (D:4)
  Dowan (D:4)
  Crazy Yiuf (D:2)
  An orc priest (D:4)
  An iguana (D:4)
  Natasha (thrice) (D:2)
  4 adders
  2 dart slugs
  7 orcs
  6 ball pythons
  4 bats
  7 endoplasms
  2 giant cockroaches
  8 goblins
  6 hobgoblins
  6 jackals
  3 quokkas
  8 frilled lizards
  5 kobolds
  4 rats
81 creatures vanquished.

Notes
Turn   | Place    | Note
-------+----------+-------------------------------------------
     0 | D:1      | boopmooplesden the Demonspawn Gladiator began the quest for
                  | the Orb.
     0 | D:1      | Reached XP level 1. HP: 16/16 MP: 1/1
    65 | D:1      | Gained mutation: You regenerate a little health from kills.
                  | [demonic ancestry]
    65 | D:1      | Reached XP level 2. HP: 22/22 MP: 2/2
   205 | D:1      | Reached skill level 3 in Staves
   626 | D:1      | Reached XP level 3. HP: 28/28 MP: 3/3
   782 | D:2      | Noticed Natasha
   944 | D:2      | Killed Natasha
  1035 | D:2      | Noticed Natasha
  1057 | D:2      | Killed Natasha
  1058 | D:2      | Reached skill level 1 in Armour
  1058 | D:2      | Gained mutation: You are partially covered in sharp spines.
                  | [demonic ancestry]
  1058 | D:2      | Reached XP level 4. HP: 16/34 MP: 4/4
  1318 | D:2      | Noticed Natasha
  1321 | D:2      | Killed Natasha
  1322 | D:2      | Reached skill level 4 in Staves
  1356 | D:2      | Found a runed translucent door.
  1357 | D:2      | Noticed Crazy Yiuf
  1515 | D:2      | Reached XP level 5. HP: 39/40 MP: 5/5
  1523 | D:2      | Found a faded altar of an unknown god.
  1716 | D:2      | Killed Crazy Yiuf
  1721 | D:2      | Identified the +10 hammer of Tortfeasance {flame, *Rage rN+
                  | Str+5}
  1778 | D:3      | Found a bloodstained altar of Trog.
  1785 | D:3      | Became a worshipper of Trog the Wrathful
  2108 | D:3      | Found a shimmering altar of Xom.
  2162 | D:3      | Found an ancient bone altar of Kikubaaqudgha.
  2162 | D:3      | Found an ornate altar of the Wu Jian Council.
  2227 | D:3      | Found an opulent altar of Gozag.
  2246 | D:4      | Noticed Blork the orc
  2263 | D:4      | Killed Blork the orc
  2264 | D:4      | Gained mutation: You have sharp fingernails. [demonic
                  | ancestry]
  2264 | D:4      | Reached XP level 6. HP: 24/47 MP: 6/6
  2382 | D:4      | Reached skill level 5 in Staves
  2483 | D:4      | Reached * piety under Trog
  2594 | D:4      | Noticed Duvessa
  2595 | D:4      | Noticed Dowan
  2615 | D:4      | Killed Duvessa
  2620 | D:4      | Killed Dowan
  2837 | D:4      | Reached XP level 7. HP: 54/54 MP: 7/7
  2914 | D:5      | Entered Level 5 of the Dungeon
  2977 | D:5      | Slain by an ogre

Illustrated notes

Levels and vault maps discovered:
D:1:      dpeg_arrival_refuge, layout_basic
D:2:      layout_loops_ring, basic_altar, dreamdust_ecumenical_altar_grove,
          uniq_crazy_yiuf_cottage, uniq_natasha
D:3:      layout_basic, gammafunk_temple_overflow_statue,
          mainiacjoe_overflow_surrounded_room, overflow_temple_1_default,
          nicolae_overflow_crystal_walls, grunt_ministairs_15
D:4:      layout_rooms, mainiacjoe_overflow_paths, uniq_duvessa,
          uniq_blork_the_orc
D:5:      layout_loops_ring, mainiacjoe_overflow_chevrons, jmf_multi_god_temple,
          serial_bayou, serial_bayou_pond_d, serial_bayou_pond_b,
          serial_bayou_shore_b, ebering_ghost_sewer_d, uniq_pikel

Skill      XL: |  1  2  3  4  5  6 |
---------------+-------------------+-----
Staves         | 3 4 5 |  5.4
Armour         | 1 2 |  2.3
Dodging        | 3 |  3.1
Fighting       | 3 4 |  4.0
Throwing       | |  1.9
Stealth        | |  0.5
Shields        | |  0.3

Action                     |  1- 3 |  4- 6 |  7- 9 || total
---------------------------+-------+-------+-------++-------
  Melee: Quarterstaff      |    97 |    97 |       ||   194
 Invoke: Berserk           |       |     1 |       ||     1
    Use: Scroll            |       |     7 |     1 ||     8
 Armour: Leather armour    |    15 |       |       ||    15
         Chain mail        |    38 |    18 |       ||    56
         Plate armour      |       |    35 |     1 ||    36
  Dodge: Dodged            |    80 |    36 |       ||   116
  Block: Other             |       |    18 |     2 ||    20
